 Dungeon Crawl Stone Soup version 0.19-a0-1553-g64c24c3 (webtiles) character file.

823 epen the Insei (level 7, -3/56 HPs)
             Began as a Merfolk Monk on Sept 14, 2016.
             Slain by an ogre
             ... wielding a +0 giant spiked club
              (18 damage)
             ... on level 5 of the Dungeon.
             The game lasted 00:05:57 (3395 turns).

epen the Insei (Merfolk Monk)                       Turns: 3395, Time: 00:05:58

Health: -3/56      AC: 18    Str: 18    XL:     7   Next: 96%
Magic:  7/7        EV: 15    Int:  9    God:
Gold:   273        SH:  0    Dex: 21    Spells: 0 memorised, 6 levels left

rFire  . . .     SeeInvis .     o - +3 quarterstaff (chaos)
rCold  . . .     Gourm    .     v - +1 scale mail of the Mind {Str+5}
rNeg   . . .     Faith    .     (shield currently unavailable)
rPois  .         Spirit   .     (no helmet)
rElec  .         Dismiss  .     r - +0 cloak
rCorr  .         Reflect  .     (no gloves)
MR     +....     Harm     .     u - +1 pair of boots "Viphuecwio" {MR+ Dex+4}
Stlth  +.........               (no amulet)
                                k - +5 ring of protection
                                h - +3 ring of protection

@: no status effects
A: change form in water, swift swim, stealthy swim
a: no special abilities


You were on level 5 of the Dungeon.
You were hungry.

You visited 1 branch of the dungeon, and saw 5 of its levels.

You collected 273 gold pieces.

Inventory:

Hand Weapons
 g - a +0 dagger of draining
 o - a +3 quarterstaff of chaos (weapon)
Armour
 a - a +0 robe
 l - a +1 ring mail
 r - a +0 cloak (worn)
 u - the +1 pair of boots "Viphuecwio" (worn) {MR+ Dex+4}
   (You found it on level 4 of the Dungeon)

   It affects your dexterity (+4).
   It affects your resistance to hostile enchantments.
 v - the +1 scale mail of the Mind (worn) {Str+5}
   (You found it on level 4 of the Dungeon)

   It affects your strength (+5).
Jewellery
 h - a +3 ring of protection (left hand)
 j - a +3 ring of strength
 k - a +5 ring of protection (right hand)
 s - an uncursed ring of protection from cold {unknown}
Scrolls
 f - 2 scrolls of enchant armour
 i - 4 scrolls of remove curse
Potions
 d - a potion of might
 e - 3 potions of flight
 m - 2 potions of lignification {unknown}
 n - 2 potions of curing
 p - a potion of heal wounds {unknown}
 t - a potion of cure mutation {unknown}
 w - a potion of mutation {unknown}
 x - a potion of ambrosia {unknown}
Comestibles
 b - 4 bread rations
 c - 4 chunks of flesh
 q - a meat ration


   Skills:
 + Level 5.5 Fighting
 + Level 7.0 Dodging
 - Level 2.1 Stealth
 * Level 7.5 Unarmed Combat


You had 6 spell levels left.
You didn't know any spells.

Dungeon Overview and Level Annotations

Branches:
Dungeon (5/15)
 Temple: D:4-7

Altars:
Elyvilon

Shops:
D:4 :

Annotations:
D:3 Grinder


Message History

You hit the ogre. You burn the ogre.
The ogre is heavily wounded.
The ogre hits you with a giant spiked club!!
The crimson imp completely misses you.
You hit the ogre.
The ogre is severely wounded.
The ogre closely misses you. The crimson imp misses you.
Your scale mail of the Mind prevents you from hitting the ogre.
The ogre is severely wounded.
The crimson imp shouts, "Out, out, thou twisted bat-fowling reprobate!"
The crimson imp hits you but does no damage.
The ogre hits you with a giant spiked club!
* * * LOW HITPOINT WARNING * * *
The crimson imp summons a swarm of flies.
The crimson imp hits you but does no damage.
The crimson imp blinks!
You hit the ogre. You burn the ogre.
The ogre is almost dead.
The ogre hits you with a giant spiked club!!
You die...

............#
............#
>.....%5....#
..........#
.........#
#...###)## . #o#
..####O####.#..
......ยง.@.......
###....#####.#..
###.. #.. ###


You could see an ogre, a crimson imp and an orc.

Vanquished Creatures
  Menkaure (D:5)
  An ogre (D:3)
  A centaur skeleton (D:4)
  A centaur zombie (D:4)
  Crazy Yiuf (D:3)
  A hound (D:4)
  2 orc priests (D:4)
  Jessica (D:2)
  Ijyb (D:2)
  Terence (D:2)
  An iguana (D:4)
  4 orc wizards (D:4)
  A worker ant (D:4)
  A hound skeleton (D:4)
  8 adders
  3 oozes
  An adder skeleton (D:4)
  3 worms
  2 dart slugs
  4 giant geckos
  13 orcs
  9 bats
  2 giant cockroaches
  9 goblins
  4 hobgoblins
  10 jackals
  A quokka (D:4)
  2 frilled lizards
  A jackal skeleton (D:5)
  5 kobolds
  7 rats
102 creatures vanquished.

Notes
Turn   | Place    | Note
-------+----------+-------------------------------------------
     0 | D:1      | epen the Merfolk Monk began the quest for the Orb.
     0 | D:1      | Reached XP level 1. HP: 18/18 MP: 1/1
   129 | D:1      | Reached XP level 2. HP: 24/24 MP: 2/2
   648 | D:1      | Reached XP level 3. HP: 28/29 MP: 3/3
   918 | D:2      | Noticed Ijyb
   935 | D:2      | Killed Ijyb
   935 | D:2      | Reached XP level 4. HP: 36/37 MP: 4/4
   968 | D:2      | Noticed Jessica
   972 | D:2      | Noticed Terence
  1018 | D:2      | Killed Terence
  1018 | D:2      | Reached skill level 5 in Dodging
  1021 | D:2      | Killed Jessica
  1021 | D:2      | Reached XP level 5. HP: 33/42 MP: 5/5
  1583 | D:3      | Reached skill level 5 in Unarmed Combat
  1600 | D:3      | Noticed Grinder
  1955 | D:3      | Noticed an ogre
  1981 | D:3      | Killed an ogre
  1981 | D:3      | Reached XP level 6. HP: 28/49 MP: 6/6
  2257 | D:3      | Found a runed door.
  2261 | D:3      | Noticed Crazy Yiuf
  2274 | D:3      | Killed Crazy Yiuf
  2462 | D:4      | Found Lougror's Book Shoppe.
  2604 | D:4      | Got a pair of ichor-stained boots
  2607 | D:4      | Reached XP level 7. HP: 55/55 MP: 7/7
  2610 | D:4      | Reached skill level 5 in Fighting
  2721 | D:4      | Identified the +1 pair of boots "Viphuecwio" {MR+ Dex+4} (You found it on level 4 of the Dungeon)
  2804 | D:4      | Got an ancient scale mail
  2815 | D:4      | Identified the +1 scale mail of the Mind {Str+5} (You found it on level 4 of the Dungeon)
  3315 | D:4      | Found a white marble altar of Elyvilon.
  3366 | D:5      | Entered Level 5 of the Dungeon
  3376 | D:5      | Noticed Menkaure
  3388 | D:5      | Killed Menkaure
  3395 | D:5      | Slain by an ogre

Vault maps used:
D:1:      minmay_arrival_four_loops
D:2:      uniq_iyjb, uniq_terence, uniq_jessica
D:3:      bh_walls_and_bars, uniq_crazy_yiuf_cottage, uniq_grinder
D:4:      kennysheep_little_box, serial_shops, shop, st_stairs_7
D:5:      first_bread, feat_on_display, uniq_menkaure, uniq_eustachio

Skill      XL: |  1  2  3  4  5  6  7 |
---------------+----------------------+-----
Unarmed Combat | 4 5 6 7 |  7.5
Fighting       | 4 5 |  5.5
Dodging        | 5 6 7 |  7.0
Stealth        | |  2.1

Action                   |  1- 3 |  4- 6 |  7- 9 || total
-------------------------+-------+-------+-------++-------
Melee: Unarmed           |    38 |       |       ||    38
       Dagger            |    60 |   189 |       ||   249
       Punch             |     1 |     2 |       ||     3
       Quarterstaff      |       |    26 |    82 ||   108
  Use: Scroll            |       |     8 |     1 ||     9
 Stab: Sleeping          |     2 |     3 |       ||     5
       Paralysed         |       |     1 |     1 ||     2
  Eat: Chunk             |       |     6 |     2 ||     8
Armor: Robe              |    11 |       |       ||    11
       Ring mail         |    11 |    68 |     7 ||    86
       Scale mail        |       |       |    26 ||    26
Dodge: Dodged            |    88 |   126 |    51 ||   265
